 Dungeon Crawl Stone Soup version 0.29-a0-901-g46a8461d6a (webtiles) character file.

Game seed: 1081735155027630263

218 leavemydog the Chopper (level 5, -3/46 HPs)
             Began as a Hill Orc Fighter on July 23, 2022.
             Killed from afar by an orc wizard (7 damage)
             ... with a puff of flame
             ... on level 3 of the Dungeon.
             The game lasted 00:06:21 (2918 turns).

leavemydog the Chopper (Hill Orc Fighter)           Turns: 2918, Time: 00:06:22

Health: -3/46      AC:  8    Str: 21    XL:     5   Next: 95%
Magic:  5/5        EV:  9    Int:  8    God:
Gold:   117        SH:  4    Dex: 10    Spells: 4/4 levels left

rFire   . . .      SeeInvis .   a - +0 war axe
rCold   . . .      Faith    .   c - +0 buckler
rNeg    . . .      Spirit   .   b - +0 scale mail
rPois   .          Reflect  .   f - +1 hat
rElec   .          Harm     .   (no cloak)
rCorr   .          Rampage  .   (no gloves)
Will    .....                   (no boots)
Stlth   ..........              (no amulet)
HPRegen 0.15/turn               (no ring)
MPRegen 0.09/turn               (no ring)

@: no status effects
A: no striking features
a: no special abilities


You were on level 3 of the Dungeon.
You visited 1 branch of the dungeon, and saw 3 of its levels.

You collected 143 gold pieces.
You spent 26 gold pieces at shops.

Inventory:

Hand Weapons
 a - a +0 war axe (weapon)
Armour
 b - a +0 scale mail (worn)
 c - a +0 buckler (worn)
 f - a +1 hat (worn)
Magical Staves
 k - a staff of poison
 q - a staff of cold
Jewellery
 t - a ring of magical power
Scrolls
 g - 2 scrolls of magic mapping {unknown}
 i - 3 scrolls of teleportation
 j - a scroll of torment {unknown}
 p - 3 scrolls of summoning {unknown}
 r - 3 scrolls of amnesia {unknown}
 u - 2 scrolls of blinking {unknown}
 v - 3 scrolls of identify
 w - a scroll of noise {unknown}
 x - a scroll of enchant armour {unknown}
Potions
 d - a potion of might
 e - 4 potions of curing {unknown}
 h - a potion of mutation {unknown}
 l - a potion of haste {unknown}
 m - a potion of degeneration {unknown}
 n - a potion of attraction {unknown}
 o - a potion of cancellation {unknown}
 s - a potion of magic {unknown}
 z - a potion of heal wounds {unknown}


   Skills:
 + Level 4.2 Fighting
 * Level 6.3 Axes
 + Level 4.3 Armour
 + Level 3.8 Shields


You had 4 spell levels left.
You didn't know any spells.
Your spell library contained the following spells:

 Spells                   Type           Power      Damage    Failure   Level
 Freeze                   Ice            0%         1d3       83%         1
 Frozen Ramparts          Ice            0%         1d2       99%         3
 Summon Ice Beast         Ice/Summ       0%         N/A       100%        4


Dungeon Overview and Level Annotations

Branches:
Dungeon (3/15)

Altars:
Xom

Shops:
D:1 *   D:3 !*?![


Message History

You barely miss something. Something hits you but does no damage.
You miss something.
You hear some strange, mumbled words.
Something tries to affect you, but you resist.
Something hits you.
* * * LOW HITPOINT WARNING * * *
You miss something. Something hits you but does no damage.
You closely miss something. Something hits you but does no damage.
You slash something!
You hear some strange, mumbled words.
A magic dart appears from out of thin air!
The magic dart hits you.
* * * LOW HITPOINT WARNING * * *
You closely miss something. Something hits you.
* * * LOW HITPOINT WARNING * * *
Something hits you.
* * * LOW HITPOINT WARNING * * *
You closely miss something.
You hear some strange, mumbled words.
Something tries to affect you, but you resist.
You barely miss something.
An orc wizard appears from thin air!
Reactivating autopickup.
The orc wizard gestures at you while chanting.
The puff of flame misses you.
You hit the orc wizard but do no damage.
The orc wizard is almost dead.
The orc wizard hits you but does no damage.
You closely miss the orc wizard.
The orc wizard is almost dead.
The orc wizard hits you with a +0 dagger.
* * * LOW HITPOINT WARNING * * *
The orc wizard completely misses you.
You barely miss the orc wizard.
The orc wizard is almost dead.
You block the orc wizard's attack.
You hit the orc wizard but do no damage.
The orc wizard is almost dead.
The orc wizard casts a spell at you. The puff of flame hits you!
You die...

#.########.## #.#
#..# #.# #.# #.#
#### ..# #.# #.# ..#
##+# #.# ..# #...#
#.####### ..# ....(#
#.......# ..#
......# ###.#...###
..####
.......####........#
.....+
.......o@..........#
..####
.......####........#
.## ......#
##.#...### ## .....#
###...# #...# #.###
##+# #.# #.# #.#
#.###


You could see an orc wizard.

Vanquished Creatures
  A hound (D:3)
  An orc priest (D:3)
  2 orc wizards (D:3)
  2 adders (D:3)
  A river rat (D:3)
  2 worms (D:3)
  3 dart slugs
  5 orcs (D:3)
  7 bats
  8 endoplasms
  3 giant cockroaches
  7 goblins
  8 hobgoblins
  7 kobolds
  5 quokkas
  5 ball pythons (D:1)
  7 frilled lizards
  4 rats
78 creatures vanquished.

Notes
Turn   | Place    | Note
-------+----------+-------------------------------------------
     0 | D:1      | leavemydog the Hill Orc Fighter began the quest for the
                  | Orb.
     0 | D:1      | Reached XP level 1. HP: 19/19 MP: 1/1
   190 | D:1      | Reached skill level 3 in Axes
   190 | D:1      | Reached XP level 2. HP: 27/27 MP: 2/2
   242 | D:1      | Found Gosiagg's Assorted Antiques.
   727 | D:1      | Reached XP level 3. HP: 30/33 MP: 3/3
   756 | D:1      | Got the Dissertation on the Glacier
   856 | D:1      | Found a faded altar of an unknown god.
   995 | D:1      | Reached skill level 4 in Axes
  1403 | D:2      | Found a shimmering altar of Xom.
  1801 | D:3      | Reached XP level 4. HP: 35/40 MP: 4/4
  1853 | D:3      | Found Gouros's Distillery.
  1936 | D:3      | Found Sudi Fuil's Assorted Antiques.
  1946 | D:3      | Found Tonam's Magic Scroll Boutique.
  1965 | D:3      | Reached skill level 5 in Axes
  1966 | D:3      | Bought a scroll of identify for 26 gold pieces
  2229 | D:3      | Reached XP level 5. HP: 46/46 MP: 5/5
  2643 | D:3      | Found Tiramek's Distillery.
  2660 | D:3      | Found Lyanocio's Antique Armour Emporium.
  2902 | D:3      | Reached skill level 6 in Axes
  2918 | D:3      | Killed from afar by an orc wizard

Illustrated notes

Levels and vault maps discovered:
D:1:      dpeg_arrival_morbid_curiosity, layout_basic,
          hellmonk_ecumenical_altar_arch_garden, serial_shops,
          nicolae_square_shop
D:2:      layout_basic, basic_altar
D:3:      wad_river_or_something, layout_loops_corners, gup_sewer_entry_spiral,
          serial_shops, shop, nicolae_diamond_shop, nicolae_shop_statue_plus,
          shop, shop_fountains

Skill      XL: |  1  2  3  4  5 |
---------------+----------------+-----
Axes           | 3 4 5 6 |  6.3
Fighting       | 4 |  4.2
Armour         | 4 |  4.3
Shields        | |  3.8

Action                   |  1- 3 |  4- 6 || total
-------------------------+-------+-------++-------
Melee: War axe           |   146 |   126 ||   272
  Use: Scroll            |       |     1 ||     1
Armor: Scale mail        |    85 |    54 ||   139
Dodge: Dodged            |    85 |    39 ||   124
Block: Buckler           |    44 |    16 ||    60

Table legend: (Time is in decaauts)
 A = Elapsed time spent in this place.
 B = Non-inter-level travel time spent in this place.
 C = Inter-level travel time spent in this place.
 D = Time resting spent in this place.
 E = Time spent auto-exploring this place.
 F = Levels seen in this place.
 G = Mean time per level.
                   A        B        C        D        E       F      G
               +--------+--------+--------+--------+--------+-----+--------+
         Total |   3042 |   3005 |     37 |      0 |   2329 |   3 | 1014.0 |
       Dungeon |   3042 |   3005 |     37 |      0 |   2329 |   3 | 1014.0 |
               +--------+--------+--------+--------+--------+-----+--------+

Top non-repeatable levels by time:
     D:1: 1328 daAuts
     D:3: 1276 daAuts
     D:2: 437 daAuts
